Wolves vs National
Created - 8 avril 2015 at 23:08
Goals
|
Wolves |
2 |
4 |
2 |
8 |
National |
2 |
1 |
1 |
4 |
|
Shots
|
Wolves |
14 |
16 |
10 |
40 |
National |
7 |
8 |
12 |
27 |
|
1st period
1. National , Pasi Salonen 34 (Dustin Kohn, Pat Dwyer) at 2:25
2. Wolves , Cody McLeod 2 (Chris Neil, Jarret Stoll) at 14:29
3. National , Mikael Backlund 48 (Igor Makarov) at 15:26
4. Wolves , Chris Neil 28 (Jarret Stoll) at 19:12
Penalties :
Dennis Persson (Min) for Tripping (Minor) at 5:26
2nd period
5. Wolves , Mike Zigomanis 61 (Milan Bartovic, Mike Sislo) at 8:17
6. Wolves , Cody McLeod 3 (Chris Neil, Jarret Stoll) at 11:17 (PP)
7. Wolves , Ryan Ellis 4 (Nathan Davis) at 13:08
8. Wolves , Milan Bartovic 35 (Mike Zigomanis, Mike Sislo) at 14:43
9. National , Guillaume Desbiens 50 (Pasi Salonen, Dustin Kohn) at 14:56
Penalties :
Mike Zigomanis (Min) for High sticking (Minor) at 3:22, Dustin Kohn (Que) for Interference (Minor) at 9:28
3rd period
10. Wolves , Milan Bartovic 36 (Mike Zigomanis) at 1:35
11. Wolves , Mike Zigomanis 62 (Mike Sislo, Milan Bartovic) at 7:03
12. National , Marek Zagrapan 8 (Rico Fata) at 14:58
Penalties :
Guillaume Desbiens (Que) for Slashing (Minor) at 7:25, Denis Bodrov (Que) for Hooking (Minor) at 8:23
Goalie Stats
Jamie Storr (Min), 23 saves from 27 shots - (0,852), W, 33-22-7, 60:00 minutes
Tyler Plante (Que), 11 saves from 13 shots - (0,846), 25:17 minutes
Keith Kinkaid (Que), 21 saves from 27 shots - (0,778), L, 22-22-6, 34:43 minutes
Players Stats for Wolves
Player Name G A P +/- PIM S H SB GA TA FO MP PP MP PK MP
------------------------------------------------------------------------------------
Bruno Gervais 0 0 0 -1 0 4 3 2 0 0 0/0 26:35 1:53 1:45
Carl Klingberg 0 0 0 0 0 0 2 0 0 0 0/0 8:11 0:01 0:00
Chris Neil 1 2 3 0 0 2 4 0 2 0 3/3 20:32 2:28 0:15
Cody McLeod 2 0 2 0 0 4 1 0 1 1 1/1 21:21 2:28 1:21
Dan Fritsche 0 0 0 0 0 2 0 0 0 2 3/6 12:24 0:00 1:17
Dennis Persson 0 0 0 3 2 1 2 3 0 1 0/0 16:36 0:00 0:00
Geoff Paukovich 0 0 0 0 0 0 1 1 0 0 0/0 11:07 0:00 0:00
Jarret Stoll 0 3 3 0 0 3 1 2 0 0 27/41 21:47 2:28 1:57
Jonas Junland 0 0 0 3 0 1 0 0 0 3 0/0 20:20 2:53 2:01
Jonathan Rheault 0 0 0 0 0 0 2 0 0 0 0/0 8:07 0:00 0:00
Marc-André Gragnani 0 0 0 1 0 0 1 1 0 0 0/0 17:03 2:53 2:12
Mark Fayne 0 0 0 1 0 0 0 1 0 0 0/0 13:15 0:00 0:22
Mike Sislo 0 3 3 3 0 1 3 0 0 0 0/0 16:44 2:17 0:00
Mike Zigomanis 2 2 4 3 2 9 1 1 0 1 10/15 17:51 2:18 0:54
Milan Bartovic 2 2 4 3 0 3 3 0 0 0 1/1 18:11 2:18 1:23
Nathan Davis 0 1 1 0 0 1 0 0 0 0 0/4 9:08 0:00 1:01
Ryan Ellis 1 0 1 -1 0 8 2 1 3 0 0/0 25:41 1:53 1:24
Tim Crowder 0 0 0 0 0 1 0 0 0 0 0/0 11:07 0:00 0:00
Players Stats for National
Player Name G A P +/- PIM S H SB GA TA FO MP PP MP PK MP
------------------------------------------------------------------------------------
Ben Maxwell 0 0 0 0 0 0 0 0 0 0 0/0 0:00 0:00 0:00
Cédric Lalonde-McNicoll 0 0 0 0 0 0 0 0 0 0 0/0 0:00 0:00 0:00
Chris Mueller 0 0 0 0 0 0 0 0 0 0 0/0 0:00 0:00 0:00
Colin Fraser 0 0 0 0 0 0 0 0 0 0 0/0 0:32 0:00 0:00
Daniel Rahimi 0 0 0 0 0 0 0 0 0 0 0/0 0:00 0:00 0:00
David Desharnais 0 0 0 1 0 0 1 0 1 0 1/1 7:51 0:00 1:15
Denis Bodrov 0 0 0 -2 2 1 0 0 0 0 0/0 18:18 1:32 1:15
Dustin Kohn 0 2 2 0 2 0 2 2 1 0 0/0 25:04 2:26 1:38
Erik Gustafsson 0 0 0 -1 0 0 0 0 0 0 0/0 11:04 0:00 1:32
Guillaume Desbiens 1 0 1 0 2 4 2 1 0 0 3/5 20:17 1:21 0:51
Igor Makarov 0 1 1 0 0 1 0 0 2 0 0/1 11:33 0:00 0:00
Ivan Vishnevski 0 0 0 0 0 0 0 0 0 0 0/0 5:32 0:00 0:20
Jarod Palmer 0 0 0 0 0 0 0 0 0 0 0/0 0:00 0:00 0:00
Jeffrey Foss 0 0 0 -1 0 0 0 1 0 0 0/0 9:32 0:00 0:00
Johannes Salmonsson 0 0 0 0 0 1 0 0 0 0 0/0 13:13 0:32 0:36
Jonathan Cheechoo 0 0 0 -4 0 1 4 0 0 0 0/1 18:51 2:05 0:58
Jonathan Matsumoto 0 0 0 0 0 5 3 1 0 0 10/33 19:27 1:21 0:00
Kristoffer Berglund 0 0 0 0 0 0 0 0 0 0 0/0 5:12 0:00 0:00
Marek Zagrapan 1 0 1 -4 0 1 1 1 0 0 5/16 17:53 2:05 0:00
Mikael Backlund 1 0 1 -1 0 5 2 0 1 0 5/7 12:26 0:32 0:00
Pasi Salonen 1 1 2 2 0 3 4 0 1 2 2/5 25:27 1:21 2:31
Pat Dwyer 0 1 1 1 0 0 0 0 0 0 0/0 6:21 0:32 0:00
Rico Fata 0 1 1 -4 0 3 0 1 0 1 0/2 20:21 2:05 2:20
Ty Wishart 0 0 0 -2 0 1 0 3 1 2 0/0 19:19 1:32 2:16
William Colbert 0 0 0 0 0 1 2 1 1 1 0/0 25:57 2:26 2:30
3 Stars
1 - Milan Bartovic (Min)
2 - Mike Zigomanis (Min)
3 - Mike Sislo (Min)
Power Play
Wolves - 1 on 3 Attempt(s) - 33,33%
National - 0 on 2 Attempt(s) - 0,00%
Penalty Kill
Wolves - 2 on 2 Attempt(s) - 100,00%
- Score 0 goal in Penalty Kill
National - 2 on 3 Attempt(s) - 66,67%
- Score 0 goal in Penalty Kill
Team Stat
Wolves - Hits : 26 - Faceoff Wins : 45 - Blocked Shots : 12 - Penalty Minutes : 4
National - Hits : 21 - Faceoff Wins : 26 - Blocked Shots : 11 - Penalty Minutes : 6
Official
Referees : Ciamaga Chris and McCauley Wes
Linesman : Thor Nelson and Derek Nansen
Game Notes
Tyler Plante enters game at 14:43 of 2nd period
Finance
Level 1 -- Attendance: 1543 (77,15%) -- Ticket Income 38 575 $
Level 2 -- Attendance: 791 (79,10%) -- Ticket Income 11 865 $
Total Attendance: 2334 (77,80%)
Total Ticket Income: 50 440 $
Other Income: 2 522 $
Total Income: 52 962 $
Wolves
5 vs 5 Forward
Center Left Wing Right Wing Time % Phy DF OF
1 Jarret Stoll Cody McLeod Chris Neil 40 1 2 2
2 Mike Zigomanis Mike Sislo Milan Bartovic 30 1 2 2
3 Dan Fritsche Geoff Paukovich Tim Crowder 20 1 2 2
4 Nathan Davis Carl Klingberg Jonathan Rheault 10 1 2 2
5 vs 5 Defense
Defense Defense Time % Phy DF OF
1 Ryan Ellis Bruno Gervais 40 1 2 2
2 Dennis Persson Jonas Junland 30 1 2 2
3 Marc-André Gragnani Mark Fayne 20 1 2 2
4 Ryan Ellis Bruno Gervais 10 1 2 2
PowerPlay Forward
Center Left Wing Right Wing Time % Phy DF OF
1 Jarret Stoll Cody McLeod Chris Neil 60 1 2 2
2 Mike Zigomanis Mike Sislo Milan Bartovic 40 1 2 2
PowerPlay Defense
Defense Defense Time % Phy DF OF
1 Ryan Ellis Bruno Gervais 60 1 2 2
2 Marc-André Gragnani Jonas Junland 40 1 2 2
Penalty Kill 4 Players Forward
Center Wing Time % Phy DF OF
1 Dan Fritsche Jarret Stoll 60 1 2 2
2 Mike Zigomanis Milan Bartovic 40 1 2 2
Penalty Kill 4 Players Defense
Defense Defense Time % Phy DF OF
1 Marc-André Gragnani Bruno Gervais 60 1 2 2
2 Ryan Ellis Jonas Junland 40 1 2 2
Penalty Kill - 3 Players Forward
Forward Time % Phy DF OF
1 Dan Fritsche 60 1 2 2
2 Jarret Stoll 40 1 2 2
Penalty Kill - 3 Players Defense
Defense Defense Time % Phy DF OF
1 Marc-André Gragnani Bruno Gervais 60 1 2 2
2 Ryan Ellis Jonas Junland 40 1 2 2
4 vs 4 Forward
Center Wing Time % Phy DF OF
1 Mike Zigomanis Chris Neil 60 1 2 2
2 Jarret Stoll Milan Bartovic 40 1 2 2
4 vs 4 Defense
Defense Defense Time % Phy DF OF
1 Marc-André Gragnani Bruno Gervais 60 1 2 2
2 Ryan Ellis Jonas Junland 40 1 2 2
Last Minutes Offensive
Center Left Wing Right Wing Defense Defense
Jarret Stoll Chris Neil Mike Zigomanis Ryan Ellis Bruno Gervais
Last Minutes Defensive
Center Left Wing Right Wing Defense Defense
Nathan Davis Dan Fritsche Milan Bartovic Marc-André Gragnani Jonas Junland
Goaltenders
Starting : Jamie Storr
Backup : Loïc Lacasse
Extra Forwards
Normal : Mike Zigomanis, Chris Neil, Jarret Stoll - PP : Mike Zigomanis, Chris Neil - PK : Milan Bartovic
Extra Defensemen
Normal : Ryan Ellis, Bruno Gervais, Mark Fayne - PP : Ryan Ellis - PK : Bruno Gervais, Jonas Junland
Penalty Shots
Chris Neil, Jarret Stoll, Mike Zigomanis, Milan Bartovic, Dan Fritsche
National
5 vs 5 Forward
Center Left Wing Right Wing Time % Phy DF OF
1 Jonathan Matsumoto Pasi Salonen Guillaume Desbiens 40 1 2 2
2 Marek Zagrapan Rico Fata Jonathan Cheechoo 30 1 2 2
3 Mikael Backlund Johannes Salmonsson Igor Makarov 20 1 2 2
4 David Desharnais Pasi Salonen Pat Dwyer 10 1 2 2
5 vs 5 Defense
Defense Defense Time % Phy DF OF
1 William Colbert Dustin Kohn 40 1 2 2
2 Denis Bodrov Ty Wishart 30 1 2 2
3 Jeffrey Foss Erik Gustafsson 20 1 2 2
4 Ivan Vishnevski Kristoffer Berglund 10 1 2 2
PowerPlay Forward
Center Left Wing Right Wing Time % Phy DF OF
1 Jonathan Matsumoto Pasi Salonen Guillaume Desbiens 60 1 2 2
2 Marek Zagrapan Rico Fata Jonathan Cheechoo 40 1 2 2
PowerPlay Defense
Defense Defense Time % Phy DF OF
1 William Colbert Dustin Kohn 60 1 2 2
2 Denis Bodrov Ty Wishart 40 1 2 2
Penalty Kill 4 Players Forward
Center Wing Time % Phy DF OF
1 Pasi Salonen Rico Fata 60 1 2 2
2 Guillaume Desbiens Jonathan Cheechoo 40 1 2 2
Penalty Kill 4 Players Defense
Defense Defense Time % Phy DF OF
1 William Colbert Dustin Kohn 60 1 2 2
2 Denis Bodrov Ty Wishart 40 1 2 2
Penalty Kill - 3 Players Forward
Forward Time % Phy DF OF
1 Pasi Salonen 60 1 2 2
2 Rico Fata 40 1 2 2
Penalty Kill - 3 Players Defense
Defense Defense Time % Phy DF OF
1 William Colbert Dustin Kohn 60 1 2 2
2 Denis Bodrov Ty Wishart 40 1 2 2
4 vs 4 Forward
Center Wing Time % Phy DF OF
1 Pasi Salonen Rico Fata 60 1 2 2
2 Guillaume Desbiens Jonathan Cheechoo 40 1 2 2
4 vs 4 Defense
Defense Defense Time % Phy DF OF
1 William Colbert Dustin Kohn 60 1 2 2
2 Denis Bodrov Ty Wishart 40 1 2 2
Last Minutes Offensive
Center Left Wing Right Wing Defense Defense
Jonathan Matsumoto Pasi Salonen Guillaume Desbiens William Colbert Dustin Kohn
Last Minutes Defensive
Center Left Wing Right Wing Defense Defense
Jonathan Matsumoto Pasi Salonen Guillaume Desbiens William Colbert Dustin Kohn
Goaltenders
Starting : Keith Kinkaid
Backup : Tyler Plante
Extra Forwards
Normal : Johannes Salmonsson, Mikael Backlund, David Desharnais - PP : Johannes Salmonsson, Mikael Backlund - PK : David Desharnais
Extra Defensemen
Normal : Jeffrey Foss, Erik Gustafsson, Ivan Vishnevski - PP : Jeffrey Foss - PK : Erik Gustafsson, Ivan Vishnevski
Penalty Shots
Pasi Salonen, Rico Fata, Guillaume Desbiens, Jonathan Cheechoo, Jonathan Matsumoto
% Time on Ice - Wolves
Lines # - Real PCT - Wanted PCT - Time Play
Normal Forward
1 - 34% - 40% - 17:32
2 - 28% - 30% - 14:30
3 - 22% - 20% - 11:07
4 - 16% - 10% - 8:07
Normal Defense
1 - 40% - 40% - 20:30
2 - 33% - 30% - 16:58
3 - 23% - 20% - 11:39
4 - 4% - 10% - 2:09
PP Forward
1 - 52% - 60% - 2:28
2 - 48% - 40% - 2:18
PP Defense
1 - 40% - 60% - 1:53
2 - 60% - 40% - 2:53
PK Forward
1 - 77% - 60% - 3:03
2 - 23% - 40% - 0:55
PK Defense
1 - 65% - 60% - 2:34
2 - 35% - 40% - 1:24
PK3 Forward
1 - 0% - 60%
2 - 0% - 40%
PK3 Defense
1 - 0% - 60%
2 - 0% - 40%
44 Forward
1 - 0% - 60%
2 - 0% - 40%
44 Defense
1 - 0% - 60%
2 - 0% - 40%
Last Minute Offensive - 0:00
Last Minute Defensive - 0:00
Total
Forward - 60:00
Defense - 60:00
|
% Time on Ice - National
Lines # - Real PCT - Wanted PCT - Time Play
Normal Forward
1 - 35% - 40% - 18:06
2 - 31% - 30% - 15:48
3 - 23% - 20% - 11:33
4 - 11% - 10% - 5:49
Normal Defense
1 - 41% - 40% - 21:01
2 - 30% - 30% - 15:31
3 - 19% - 20% - 9:32
4 - 10% - 10% - 5:12
PP Forward
1 - 43% - 60% - 1:43
2 - 57% - 40% - 2:15
PP Defense
1 - 61% - 60% - 2:26
2 - 39% - 40% - 1:32
PK Forward
1 - 73% - 60% - 2:44
2 - 27% - 40% - 1:01
PK Defense
1 - 48% - 60% - 1:47
2 - 52% - 40% - 1:58
PK3 Forward
1 - 85% - 60% - 0:52
2 - 15% - 40% - 0:09
PK3 Defense
1 - 70% - 60% - 0:43
2 - 30% - 40% - 0:18
44 Forward
1 - 0% - 60%
2 - 0% - 40%
44 Defense
1 - 0% - 60%
2 - 0% - 40%
Last Minute Offensive - 0:00
Last Minute Defensive - 0:00
Total
Forward - 60:00
Defense - 60:00
|
Play by Play
1st period
0:01 of 1st period - Jarret Stoll wins face-off versus Jonathan Matsumoto in neutral zone.
0:04 of 1st period - Pasi Salonen is hit by Cody McLeod and loses puck.
0:31 of 1st period - Ty Wishart is hit by Bruno Gervais and loses puck.
0:48 of 1st period - Dan Fritsche is hit by Mikael Backlund and loses puck.
0:53 of 1st period - Wrist shot by Igor Makarov.
0:53 of 1st period - Shot Blocked by Dennis Persson.
0:55 of 1st period - Snap shot by Johannes Salmonsson.
0:55 of 1st period - Shot Misses the Net.
1:07 of 1st period - Off-side.
1:08 of 1st period - David Desharnais wins face-off versus Nathan Davis in neutral zone.
1:17 of 1st period - Nathan Davis is hit by David Desharnais and loses puck.
1:32 of 1st period - Ivan Vishnevski is hit by Carl Klingberg and loses puck.
1:49 of 1st period - Pasi Salonen is hit by Carl Klingberg and loses puck.
2:15 of 1st period - Snap shot by Pat Dwyer.
2:15 of 1st period - Shot Blocked by Bruno Gervais.
2:17 of 1st period - Slapshot by Dustin Kohn.
2:17 of 1st period - Shot Blocked by Bruno Gervais.
2:19 of 1st period - Snap shot by Pasi Salonen.
2:19 of 1st period - Stopped by Jamie Storr with a rebound.
2:23 of 1st period - Snap shot by Pasi Salonen.
2:23 of 1st period - Stopped by Jamie Storr with a rebound.
2:25 of 1st period - Snap shot by Pasi Salonen.
2:25 of 1st period - Goal by Pasi Salonen - Wolves : 0 - National : 1.
2:26 of 1st period - Marek Zagrapan wins face-off versus Jarret Stoll in neutral zone.
2:36 of 1st period - Snap shot by Cody McLeod.
2:36 of 1st period - Stopped by Keith Kinkaid with a rebound.
2:38 of 1st period - Slapshot by Ryan Ellis.
2:38 of 1st period - Deflect By Jarret Stoll.
2:38 of 1st period - Shot Misses the Net.
2:38 of 1st period - Puck is out of play.
2:39 of 1st period - Mikael Backlund wins face-off versus Jarret Stoll in National zone.
2:44 of 1st period - Snap shot by Chris Neil.
2:44 of 1st period - Shot Misses the Net.
3:04 of 1st period - Rico Fata is hit by Dennis Persson and loses puck.
3:11 of 1st period - Slapshot by Mike Zigomanis.
3:11 of 1st period - Stopped by Keith Kinkaid with a rebound.
3:13 of 1st period - Wrist shot by Milan Bartovic.
3:13 of 1st period - Shot Misses the Net.
3:15 of 1st period - Snap shot by Milan Bartovic.
3:15 of 1st period - Deflect By Mike Zigomanis.
3:15 of 1st period - Shot Blocked by Rico Fata.
3:15 of 1st period - Puck is out of play.
3:16 of 1st period - Jonathan Matsumoto wins face-off versus Dan Fritsche in National zone.
3:21 of 1st period - Slapshot by Ryan Ellis.
3:21 of 1st period - Stopped by Keith Kinkaid without a rebound.
3:22 of 1st period - Jonathan Matsumoto wins face-off versus Dan Fritsche in National zone.
3:41 of 1st period - Denis Bodrov is hit by Geoff Paukovich.
3:56 of 1st period - Slapshot by Bruno Gervais.
3:56 of 1st period - Stopped by Keith Kinkaid with a rebound.
5:03 of 1st period - Slapshot by Guillaume Desbiens.
5:03 of 1st period - Stopped by Jamie Storr without a rebound.
5:04 of 1st period - Jarret Stoll wins face-off versus Rico Fata in Wolves zone.
5:04 of 1st period - Jarret Stoll is hit by William Colbert.
5:10 of 1st period - Wrist shot by Jarret Stoll.
5:10 of 1st period - Shot Misses the Net.
5:26 of 1st period - Minor Penalty to Dennis Persson for Tripping.
5:27 of 1st period - Milan Bartovic wins face-off versus Marek Zagrapan in Wolves zone.
6:10 of 1st period - Mike Zigomanis is hit by Marek Zagrapan and loses puck.
7:26 of 1st period - Penalty to Dennis Persson is over, Dennis Persson is back on ice.
8:15 of 1st period - Pasi Salonen is hit by Jonathan Rheault and loses puck.
9:18 of 1st period - Wrist shot by Carl Klingberg.
9:18 of 1st period - Shot Blocked by Ty Wishart.
10:01 of 1st period - Wrist shot by Dan Fritsche.
10:01 of 1st period - Stopped by Keith Kinkaid with a rebound.
10:46 of 1st period - Rico Fata is hit by Bruno Gervais and loses puck.
12:21 of 1st period - Mikael Backlund is hit by Chris Neil and loses puck.
12:32 of 1st period - Snap shot by Dan Fritsche.
12:32 of 1st period - Stopped by Keith Kinkaid without a rebound.
12:33 of 1st period - Dan Fritsche wins face-off versus Jonathan Matsumoto in National zone.
12:44 of 1st period - Snap shot by Dan Fritsche.
12:44 of 1st period - Shot Misses the Net.
12:50 of 1st period - Dan Fritsche is hit by Jonathan Matsumoto and loses puck.
13:01 of 1st period - David Desharnais is hit by Jarret Stoll.
13:05 of 1st period - Wrist shot by Cody McLeod.
13:05 of 1st period - Deflect By David Desharnais.
13:05 of 1st period - Stopped by Keith Kinkaid without a rebound.
13:06 of 1st period - Jarret Stoll wins face-off versus Jonathan Cheechoo in National zone.
13:15 of 1st period - Slapshot by Ryan Ellis.
13:15 of 1st period - Shot Misses the Net.
13:21 of 1st period - Wrist shot by Jarret Stoll.
13:21 of 1st period - Stopped by Keith Kinkaid with a rebound.
13:31 of 1st period - Bruno Gervais is hit by Pasi Salonen and loses puck.
14:27 of 1st period - Snap shot by Cody McLeod.
14:27 of 1st period - Shot Blocked by Marek Zagrapan.
14:29 of 1st period - Snap shot by Cody McLeod.
14:29 of 1st period - Goal by Cody McLeod - Wolves : 1 - National : 1.
14:30 of 1st period - Jarret Stoll wins face-off versus Jonathan Matsumoto in neutral zone.
14:47 of 1st period - Bruno Gervais is hit by Pasi Salonen and loses puck.
15:10 of 1st period - Slapshot by Jonathan Cheechoo.
15:10 of 1st period - Shot Misses the Net.
15:26 of 1st period - Snap shot by Mikael Backlund.
15:26 of 1st period - Goal by Mikael Backlund - Wolves : 1 - National : 2.
15:27 of 1st period - Jonathan Matsumoto wins face-off versus Jarret Stoll in neutral zone.
15:54 of 1st period - Jonas Junland is hit by Jonathan Cheechoo.
16:36 of 1st period - Wrist shot by Guillaume Desbiens.
16:36 of 1st period - Shot Misses the Net.
16:38 of 1st period - Snap shot by Guillaume Desbiens.
16:38 of 1st period - Stopped by Jamie Storr without a rebound.
16:39 of 1st period - Jarret Stoll wins face-off versus Jonathan Matsumoto in Wolves zone.
16:50 of 1st period - Snap shot by Jarret Stoll.
16:50 of 1st period - Shot Blocked by Ty Wishart.
17:01 of 1st period - Wrist shot by Jarret Stoll.
17:01 of 1st period - Stopped by Keith Kinkaid with a rebound.
17:09 of 1st period - Wrist shot by Jonathan Matsumoto.
17:09 of 1st period - Deflect By Guillaume Desbiens.
17:09 of 1st period - Shot Blocked by Jarret Stoll.
17:09 of 1st period - Puck is out of play.
17:10 of 1st period - Mike Zigomanis wins face-off versus Marek Zagrapan in Wolves zone.
18:25 of 1st period - Slapshot by Jonas Junland.
18:25 of 1st period - Stopped by Keith Kinkaid with a rebound.
18:43 of 1st period - Wrist shot by Mike Zigomanis.
18:43 of 1st period - Stopped by Keith Kinkaid without a rebound.
18:44 of 1st period - Guillaume Desbiens wins face-off versus Mike Zigomanis in National zone.
19:00 of 1st period - Wrist shot by Milan Bartovic.
19:00 of 1st period - Shot Blocked by Jonathan Matsumoto.
19:04 of 1st period - Wrist shot by Mike Zigomanis.
19:04 of 1st period - Stopped by Keith Kinkaid without a rebound.
19:05 of 1st period - Chris Neil wins face-off versus Mikael Backlund in National zone.
19:12 of 1st period - Snap shot by Chris Neil.
19:12 of 1st period - Goal by Chris Neil - Wolves : 2 - National : 2.
19:13 of 1st period - Jonathan Matsumoto wins face-off versus Jarret Stoll in neutral zone.
19:16 of 1st period - Slapshot by Guillaume Desbiens.
19:16 of 1st period - Shot Blocked by Jarret Stoll.
19:18 of 1st period - Slapshot by William Colbert.
19:18 of 1st period - Stopped by Jamie Storr without a rebound.
19:19 of 1st period - Jarret Stoll wins face-off versus Jonathan Matsumoto in Wolves zone.
19:19 of 1st period - Jarret Stoll is hit by Pasi Salonen.
19:31 of 1st period - Chris Neil is hit by Pasi Salonen and loses puck.
19:37 of 1st period - Icing by Bruno Gervais.
19:38 of 1st period - Jarret Stoll wins face-off versus Marek Zagrapan in Wolves zone.
19:53 of 1st period - Slapshot by Marek Zagrapan.
19:53 of 1st period - Deflect By Rico Fata.
19:53 of 1st period - Shot Misses the Net.
19:53 of 1st period - Puck is out of play.
19:54 of 1st period - Pasi Salonen wins face-off versus Mike Zigomanis in Wolves zone.
19:55 of 1st period - Snap shot by Guillaume Desbiens.
19:55 of 1st period - Shot Misses the Net.
Goals for this period are 2 for Wolves vs 2 for National.
Shots for this period are 14 for Wolves vs 7 for National.
2nd period
0:01 of 2nd period - Jarret Stoll wins face-off versus Jonathan Matsumoto in neutral zone.
0:04 of 2nd period - Slapshot by Ryan Ellis.
0:04 of 2nd period - Stopped by Keith Kinkaid without a rebound.
0:05 of 2nd period - Jonathan Matsumoto wins face-off versus Jarret Stoll in National zone.
0:12 of 2nd period - Snap shot by Guillaume Desbiens.
0:12 of 2nd period - Shot Misses the Net.
0:14 of 2nd period - Slapshot by Pasi Salonen.
0:14 of 2nd period - Shot Misses the Net.
0:16 of 2nd period - Snap shot by Jonathan Matsumoto.
0:16 of 2nd period - Stopped by Jamie Storr without a rebound.
0:17 of 2nd period - Mike Zigomanis wins face-off versus Jonathan Matsumoto in Wolves zone.
1:18 of 2nd period - Icing by Nathan Davis.
1:19 of 2nd period - Jonathan Matsumoto wins face-off versus Nathan Davis in Wolves zone.
1:43 of 2nd period - Icing by Guillaume Desbiens.
1:44 of 2nd period - Jarret Stoll wins face-off versus Marek Zagrapan in National zone.
1:45 of 2nd period - Slapshot by Chris Neil.
1:45 of 2nd period - Deflect By Marek Zagrapan.
1:45 of 2nd period - Stopped by Keith Kinkaid without a rebound.
1:46 of 2nd period - Jarret Stoll wins face-off versus Marek Zagrapan in National zone.
2:18 of 2nd period - Wrist shot by Jonathan Cheechoo.
2:18 of 2nd period - Stopped by Jamie Storr without a rebound.
2:19 of 2nd period - Guillaume Desbiens wins face-off versus Mike Zigomanis in Wolves zone.
2:20 of 2nd period - Snap shot by Pasi Salonen.
2:20 of 2nd period - Shot Blocked by Mike Zigomanis.
2:22 of 2nd period - Slapshot by Jonathan Matsumoto.
2:22 of 2nd period - Shot Misses the Net.
2:24 of 2nd period - Wrist shot by Jonathan Matsumoto.
2:24 of 2nd period - Stopped by Jamie Storr without a rebound.
2:25 of 2nd period - Mike Zigomanis wins face-off versus Guillaume Desbiens in Wolves zone.
2:36 of 2nd period - Milan Bartovic is hit by Guillaume Desbiens and loses puck.
3:21 of 2nd period - Slapshot by Mike Zigomanis.
3:21 of 2nd period - Shot Misses the Net.
3:22 of 2nd period - Minor Penalty to Mike Zigomanis for High sticking.
3:23 of 2nd period - Dan Fritsche wins face-off versus Jonathan Matsumoto in Wolves zone.
5:22 of 2nd period - Penalty to Mike Zigomanis is over, Mike Zigomanis is back on ice.
5:35 of 2nd period - Mike Zigomanis is hit by Mikael Backlund and loses puck.
5:42 of 2nd period - Milan Bartovic is hit by William Colbert and loses puck.
6:03 of 2nd period - Johannes Salmonsson is hit by Dennis Persson and loses puck.
6:37 of 2nd period - Snap shot by Tim Crowder.
6:37 of 2nd period - Stopped by Keith Kinkaid with a rebound.
6:59 of 2nd period - Slapshot by Nathan Davis.
6:59 of 2nd period - Shot Misses the Net.
8:09 of 2nd period - Off-side.
8:10 of 2nd period - Mike Zigomanis wins face-off versus Jonathan Matsumoto in neutral zone.
8:13 of 2nd period - Snap shot by Mike Sislo.
8:13 of 2nd period - Stopped by Keith Kinkaid with a rebound.
8:15 of 2nd period - Snap shot by Milan Bartovic.
8:15 of 2nd period - Shot Misses the Net.
8:17 of 2nd period - Wrist shot by Mike Zigomanis.
8:17 of 2nd period - Goal by Mike Zigomanis - Wolves : 3 - National : 2.
8:18 of 2nd period - Jarret Stoll wins face-off versus Jonathan Matsumoto in neutral zone.
8:23 of 2nd period - Slapshot by Ryan Ellis.
8:23 of 2nd period - Stopped by Keith Kinkaid with a rebound.
9:19 of 2nd period - Slapshot by Mike Zigomanis.
9:19 of 2nd period - Shot Misses the Net.
9:21 of 2nd period - Slapshot by Bruno Gervais.
9:21 of 2nd period - Stopped by Keith Kinkaid with a rebound.
9:23 of 2nd period - Wrist shot by Mike Zigomanis.
9:23 of 2nd period - Stopped by Keith Kinkaid without a rebound.
9:24 of 2nd period - Dan Fritsche wins face-off versus Jonathan Matsumoto in National zone.
9:28 of 2nd period - Minor Penalty to Dustin Kohn for Interference.
9:29 of 2nd period - Pasi Salonen wins face-off versus Jarret Stoll in National zone.
9:48 of 2nd period - Rico Fata is hit by Milan Bartovic.
11:17 of 2nd period - Snap shot by Cody McLeod.
11:17 of 2nd period - Goal by Cody McLeod - Wolves : 4 - National : 2.
11:18 of 2nd period - Jarret Stoll wins face-off versus Jonathan Matsumoto in neutral zone.
11:25 of 2nd period - Snap shot by Ryan Ellis.
11:25 of 2nd period - Stopped by Keith Kinkaid without a rebound.
11:26 of 2nd period - Jarret Stoll wins face-off versus Jonathan Matsumoto in National zone.
11:27 of 2nd period - Wrist shot by Ryan Ellis.
11:27 of 2nd period - Stopped by Keith Kinkaid without a rebound.
11:28 of 2nd period - Chris Neil wins face-off versus Jonathan Matsumoto in National zone.
11:39 of 2nd period - Jarret Stoll is hit by Dustin Kohn and loses puck.
12:08 of 2nd period - Snap shot by Pasi Salonen.
12:08 of 2nd period - Shot Misses the Net.
12:12 of 2nd period - Wrist shot by Jonathan Matsumoto.
12:12 of 2nd period - Stopped by Jamie Storr without a rebound.
12:13 of 2nd period - Mike Zigomanis wins face-off versus Marek Zagrapan in Wolves zone.
12:57 of 2nd period - Jeffrey Foss is hit by Jonathan Rheault and loses puck.
13:08 of 2nd period - Slapshot by Ryan Ellis.
13:08 of 2nd period - Goal by Ryan Ellis - Wolves : 5 - National : 2.
13:09 of 2nd period - Jonathan Matsumoto wins face-off versus Jarret Stoll in neutral zone.
13:18 of 2nd period - Backhand shot by Guillaume Desbiens.
13:18 of 2nd period - Stopped by Jamie Storr with a rebound.
13:20 of 2nd period - Snap shot by Jonathan Matsumoto.
13:20 of 2nd period - Shot Blocked by Ryan Ellis.
13:22 of 2nd period - Slapshot by William Colbert.
13:22 of 2nd period - Shot Misses the Net.
13:34 of 2nd period - Marek Zagrapan is hit by Milan Bartovic and loses puck.
14:01 of 2nd period - Slapshot by Johannes Salmonsson.
14:01 of 2nd period - Shot Blocked by Geoff Paukovich.
14:03 of 2nd period - Slapshot by Igor Makarov.
14:03 of 2nd period - Stopped by Jamie Storr without a rebound.
14:04 of 2nd period - Jarret Stoll wins face-off versus Jonathan Matsumoto in Wolves zone.
14:04 of 2nd period - Jarret Stoll is hit by Guillaume Desbiens.
14:10 of 2nd period - Wrist shot by Bruno Gervais.
14:10 of 2nd period - Shot Misses the Net.
14:30 of 2nd period - Jonathan Cheechoo is hit by Mike Sislo and loses puck.
14:41 of 2nd period - Slapshot by Milan Bartovic.
14:41 of 2nd period - Shot Misses the Net.
14:43 of 2nd period - Snap shot by Milan Bartovic.
14:43 of 2nd period - Deflect By Rico Fata.
14:43 of 2nd period - Goal by Milan Bartovic - Wolves : 6 - National : 2.
14:43 of 2nd period - Tyler Plante enters game.
14:44 of 2nd period - Jonathan Matsumoto wins face-off versus Jarret Stoll in neutral zone.
14:56 of 2nd period - Snap shot by Guillaume Desbiens.
14:56 of 2nd period - Goal by Guillaume Desbiens - Wolves : 6 - National : 3.
14:57 of 2nd period - Jarret Stoll wins face-off versus Jonathan Matsumoto in neutral zone.
15:00 of 2nd period - Slapshot by Ryan Ellis.
15:00 of 2nd period - Stopped by Tyler Plante without a rebound.
15:01 of 2nd period - Jonathan Matsumoto wins face-off versus Jarret Stoll in National zone.
15:01 of 2nd period - Jonathan Matsumoto is hit by Chris Neil.
15:15 of 2nd period - Snap shot by Jarret Stoll.
15:15 of 2nd period - Shot Misses the Net.
15:17 of 2nd period - Snap shot by Chris Neil.
15:17 of 2nd period - Shot Misses the Net.
15:35 of 2nd period - Wrist shot by Tim Crowder.
15:35 of 2nd period - Deflect By Geoff Paukovich.
15:35 of 2nd period - Shot Misses the Net.
15:35 of 2nd period - Puck is out of play.
15:36 of 2nd period - Mike Zigomanis wins face-off versus Marek Zagrapan in National zone.
15:43 of 2nd period - Wrist shot by Mike Zigomanis.
15:43 of 2nd period - Shot Misses the Net.
15:45 of 2nd period - Backhand shot by Marc-André Gragnani.
15:45 of 2nd period - Deflect By Mike Sislo.
15:45 of 2nd period - Shot Misses the Net.
15:45 of 2nd period - Puck is out of play.
15:46 of 2nd period - Mike Zigomanis wins face-off versus Rico Fata in National zone.
15:53 of 2nd period - Snap shot by Mike Zigomanis.
15:53 of 2nd period - Stopped by Tyler Plante without a rebound.
15:54 of 2nd period - Jonathan Matsumoto wins face-off versus Jarret Stoll in National zone.
16:21 of 2nd period - Jonathan Cheechoo is hit by Ryan Ellis and loses puck.
17:05 of 2nd period - Wrist shot by Nathan Davis.
17:05 of 2nd period - Shot Misses the Net.
17:07 of 2nd period - Slapshot by Dennis Persson.
17:07 of 2nd period - Stopped by Tyler Plante without a rebound.
17:08 of 2nd period - Mikael Backlund wins face-off versus Nathan Davis in National zone.
17:15 of 2nd period - Slapshot by Mikael Backlund.
17:15 of 2nd period - Stopped by Jamie Storr without a rebound.
17:16 of 2nd period - Jarret Stoll wins face-off versus Guillaume Desbiens in Wolves zone.
18:07 of 2nd period - Snap shot by Igor Makarov.
18:07 of 2nd period - Shot Blocked by Mark Fayne.
18:58 of 2nd period - Wrist shot by Mikael Backlund.
18:58 of 2nd period - Shot Misses the Net.
19:04 of 2nd period - William Colbert is hit by Milan Bartovic.
Goals for this period are 4 for Wolves vs 1 for National.
Shots for this period are 16 for Wolves vs 8 for National.
3rd period
0:01 of 3rd period - Jarret Stoll wins face-off versus Jonathan Matsumoto in neutral zone.
0:33 of 3rd period - Icing by Dustin Kohn.
0:34 of 3rd period - Mike Zigomanis wins face-off versus Marek Zagrapan in National zone.
0:39 of 3rd period - Snap shot by Milan Bartovic.
0:39 of 3rd period - Stopped by Tyler Plante with a rebound.
0:41 of 3rd period - Snap shot by Mike Zigomanis.
0:41 of 3rd period - Shot Blocked by Dustin Kohn.
1:07 of 3rd period - Snap shot by Mike Zigomanis.
1:07 of 3rd period - Stopped by Tyler Plante with a rebound.
1:09 of 3rd period - Snap shot by Milan Bartovic.
1:09 of 3rd period - Shot Misses the Net.
1:11 of 3rd period - Wrist shot by Jonas Junland.
1:11 of 3rd period - Shot Misses the Net.
1:27 of 3rd period - Slapshot by William Colbert.
1:27 of 3rd period - Shot Blocked by Dennis Persson.
1:35 of 3rd period - Snap shot by Milan Bartovic.
1:35 of 3rd period - Goal by Milan Bartovic - Wolves : 7 - National : 3.
1:36 of 3rd period - Jarret Stoll wins face-off versus Pasi Salonen in neutral zone.
1:38 of 3rd period - Off-side.
1:39 of 3rd period - Jarret Stoll wins face-off versus Jonathan Matsumoto in neutral zone.
1:48 of 3rd period - Wrist shot by Guillaume Desbiens.
1:48 of 3rd period - Shot Hit the Post.
2:32 of 3rd period - Slapshot by Ryan Ellis.
2:32 of 3rd period - Stopped by Tyler Plante with a rebound.
2:34 of 3rd period - Backhand shot by Bruno Gervais.
2:34 of 3rd period - Deflect By Rico Fata.
2:34 of 3rd period - Stopped by Tyler Plante without a rebound.
2:35 of 3rd period - Jarret Stoll wins face-off versus Jonathan Matsumoto in National zone.
2:48 of 3rd period - Backhand shot by Chris Neil.
2:48 of 3rd period - Shot Blocked by Guillaume Desbiens.
2:50 of 3rd period - Slapshot by Jonas Junland.
2:50 of 3rd period - Shot Blocked by Jeffrey Foss.
3:11 of 3rd period - Tim Crowder is hit by Jonathan Matsumoto and loses puck.
3:28 of 3rd period - Wrist shot by Mike Zigomanis.
3:28 of 3rd period - Stopped by Tyler Plante with a rebound.
3:30 of 3rd period - Slapshot by Dennis Persson.
3:30 of 3rd period - Deflect By Mike Zigomanis.
3:30 of 3rd period - Shot Blocked by Dustin Kohn.
3:30 of 3rd period - Puck is out of play.
3:31 of 3rd period - Jarret Stoll wins face-off versus Marek Zagrapan in National zone.
3:56 of 3rd period - Mikael Backlund is hit by Mike Zigomanis and loses puck.
5:05 of 3rd period - Mark Fayne is hit by Dustin Kohn and loses puck.
5:17 of 3rd period - Icing by Guillaume Desbiens.
5:18 of 3rd period - Jarret Stoll wins face-off versus Marek Zagrapan in National zone.
5:41 of 3rd period - Snap shot by Mikael Backlund.
5:41 of 3rd period - Stopped by Jamie Storr without a rebound.
5:42 of 3rd period - Mikael Backlund wins face-off versus Mike Zigomanis in Wolves zone.
5:57 of 3rd period - Slapshot by Bruno Gervais.
5:57 of 3rd period - Stopped by Tyler Plante with a rebound.
6:11 of 3rd period - Wrist shot by Guillaume Desbiens.
6:11 of 3rd period - Shot Misses the Net.
6:13 of 3rd period - Snap shot by Denis Bodrov.
6:13 of 3rd period - Deflect By Jonathan Matsumoto.
6:13 of 3rd period - Stopped by Jamie Storr without a rebound.
6:14 of 3rd period - Jarret Stoll wins face-off versus Jonathan Matsumoto in Wolves zone.
6:21 of 3rd period - Pasi Salonen is hit by Chris Neil and loses puck.
6:42 of 3rd period - Icing by Dennis Persson.
6:43 of 3rd period - Mike Zigomanis wins face-off versus Marek Zagrapan in Wolves zone.
6:43 of 3rd period - Mike Zigomanis is hit by Jonathan Cheechoo.
6:53 of 3rd period - Slapshot by Mike Zigomanis.
6:53 of 3rd period - Shot Misses the Net.
7:03 of 3rd period - Wrist shot by Mike Zigomanis.
7:03 of 3rd period - Goal by Mike Zigomanis - Wolves : 8 - National : 3.
7:04 of 3rd period - Jarret Stoll wins face-off versus Jonathan Matsumoto in neutral zone.
7:09 of 3rd period - Wrist shot by Jarret Stoll.
7:09 of 3rd period - Stopped by Tyler Plante with a rebound.
7:25 of 3rd period - Minor Penalty to Guillaume Desbiens for Slashing.
7:26 of 3rd period - Jarret Stoll wins face-off versus Pasi Salonen in National zone.
7:59 of 3rd period - Snap shot by Mike Zigomanis.
7:59 of 3rd period - Shot Misses the Net.
8:23 of 3rd period - Minor Penalty to Denis Bodrov for Hooking.
8:24 of 3rd period - Jarret Stoll wins face-off versus Pasi Salonen in National zone.
9:25 of 3rd period - Penalty to Guillaume Desbiens is over, Guillaume Desbiens is back on ice.
10:09 of 3rd period - Chris Neil is hit by Jonathan Cheechoo and loses puck.
10:23 of 3rd period - Penalty to Denis Bodrov is over, Denis Bodrov is back on ice.
10:34 of 3rd period - Johannes Salmonsson is hit by Marc-André Gragnani and loses puck.
12:09 of 3rd period - Mikael Backlund is hit by Ryan Ellis and loses puck.
13:15 of 3rd period - Rico Fata is hit by Mike Sislo and loses puck.
13:34 of 3rd period - Snap shot by Jonathan Matsumoto.
13:34 of 3rd period - Stopped by Jamie Storr with a rebound.
13:36 of 3rd period - Slapshot by William Colbert.
13:36 of 3rd period - Shot Misses the Net.
13:50 of 3rd period - Wrist shot by Mikael Backlund.
13:50 of 3rd period - Deflect By Johannes Salmonsson.
13:50 of 3rd period - Shot Blocked by Dennis Persson.
13:50 of 3rd period - Puck is out of play.
13:51 of 3rd period - Mike Zigomanis wins face-off versus Igor Makarov in Wolves zone.
13:56 of 3rd period - Snap shot by Mikael Backlund.
13:56 of 3rd period - Shot Misses the Net.
13:58 of 3rd period - Slapshot by Ty Wishart.
13:58 of 3rd period - Deflect By Mark Fayne.
13:58 of 3rd period - Stopped by Jamie Storr with a rebound.
14:04 of 3rd period - Slapshot by Mikael Backlund.
14:04 of 3rd period - Stopped by Jamie Storr without a rebound.
14:05 of 3rd period - Guillaume Desbiens wins face-off versus Jarret Stoll in Wolves zone.
14:42 of 3rd period - Snap shot by Johannes Salmonsson.
14:42 of 3rd period - Deflect By Mark Fayne.
14:42 of 3rd period - Shot Blocked by Marc-André Gragnani.
14:42 of 3rd period - Puck is out of play.
14:43 of 3rd period - Marek Zagrapan wins face-off versus Jarret Stoll in Wolves zone.
14:52 of 3rd period - Snap shot by Rico Fata.
14:52 of 3rd period - Stopped by Jamie Storr without a rebound.
14:53 of 3rd period - Marek Zagrapan wins face-off versus Jarret Stoll in Wolves zone.
14:56 of 3rd period - Wrist shot by Marek Zagrapan.
14:56 of 3rd period - Shot Misses the Net.
14:58 of 3rd period - Snap shot by Marek Zagrapan.
14:58 of 3rd period - Goal by Marek Zagrapan - Wolves : 8 - National : 4.
14:59 of 3rd period - Chris Neil wins face-off versus Jonathan Matsumoto in neutral zone.
15:24 of 3rd period - Dustin Kohn is hit by Bruno Gervais and loses puck.
15:45 of 3rd period - Snap shot by Mikael Backlund.
15:45 of 3rd period - Stopped by Jamie Storr without a rebound.
15:46 of 3rd period - Mikael Backlund wins face-off versus Nathan Davis in Wolves zone.
15:47 of 3rd period - Wrist shot by Johannes Salmonsson.
15:47 of 3rd period - Stopped by Jamie Storr with a rebound.
16:49 of 3rd period - Snap shot by Ryan Ellis.
16:49 of 3rd period - Shot Blocked by Ty Wishart.
16:51 of 3rd period - Snap shot by Nathan Davis.
16:51 of 3rd period - Stopped by Tyler Plante without a rebound.
16:52 of 3rd period - Cody McLeod wins face-off versus Mikael Backlund in National zone.
17:01 of 3rd period - Snap shot by Jarret Stoll.
17:01 of 3rd period - Shot Blocked by William Colbert.
17:17 of 3rd period - William Colbert is hit by Mike Sislo and loses puck.
17:26 of 3rd period - Mike Sislo is hit by Jonathan Matsumoto.
17:56 of 3rd period - Icing by Dan Fritsche.
17:57 of 3rd period - Mikael Backlund wins face-off versus Jarret Stoll in Wolves zone.
18:08 of 3rd period - Igor Makarov is hit by Chris Neil and loses puck.
18:42 of 3rd period - Off-side.
18:43 of 3rd period - Marek Zagrapan wins face-off versus Dan Fritsche in neutral zone.
18:46 of 3rd period - Ryan Ellis is hit by Jonathan Cheechoo and loses puck.
19:35 of 3rd period - Wrist shot by Igor Makarov.
19:35 of 3rd period - Deflect By Mikael Backlund.
19:35 of 3rd period - Shot Misses the Net.
19:35 of 3rd period - Puck is out of play.
19:36 of 3rd period - Marek Zagrapan wins face-off versus Mike Zigomanis in Wolves zone.
19:37 of 3rd period - Snap shot by Rico Fata.
19:37 of 3rd period - Stopped by Jamie Storr with a rebound.
19:39 of 3rd period - Slapshot by Denis Bodrov.
19:39 of 3rd period - Deflect By Milan Bartovic.
19:39 of 3rd period - Stopped by Jamie Storr with a rebound.
19:51 of 3rd period - Wrist shot by Rico Fata.
19:51 of 3rd period - Stopped by Jamie Storr without a rebound.
19:52 of 3rd period - Jarret Stoll wins face-off versus Jonathan Matsumoto in Wolves zone.
Goals for this period are 2 for Wolves vs 1 for National.
Shots for this period are 10 for Wolves vs 12 for National.
Output by the SimonT Hockey Simulator (STHS) for François Prévost -- Original Page W3C XHTML 1.0 Valid